AoeStats
← Lord Ulrich

Hideout

509756073Analyzed
1v1 RM · 5d ago on Sep 27, 2026· 43m 4s· 2 players
Game mode
Random Map
Map size
Tiny (2 player)
Population
200
Speed
Normal
Resources
Standard
Victory
Conquest
Starting age
Dark Age
Ending age
Imperial Age
RankedLock teamsTeams togetherTeam positionsShared explorationLock speedFull tech treeHidden civsTurbo modeCheats
Victory
Defeat
🇲🇽 Persians · Mexico
546
+14
🇨🇱 Khmer · Chile
494
-14
nperezb
2:53 Loom
11:21 Feudal Age
17:30 Wheelbarrow
17:02 Man-at-Arms
17:29 Arson
23:04 Scale Barding Armor
23:22 Bloodlines
32:29 Town Watch
38:05 Castle Age
38:31 Pikeman
Lord Ulrich
8:40 Loom
10:33 Feudal Age
12:27 Wheelbarrow
17:54 Horse Collar
24:06 Castle Age
22:09 Fletching
22:19 Padded Archer Armor
23:27 Double-Bit Axe
25:21 Crossbowman
26:07 Thumb Ring
27:33 Bloodlines
27:23 Husbandry
29:16 Hand Cart
30:17 Heavy Plow
30:58 Bow Saw
31:05 Leather Archer Armor
30:47 Bodkin Arrow
31:03 Forging
30:53 Scale Mail Armor
39:23 Imperial Age
37:00 Light Cavalry
39:07 Ballistics
42:22 Chemistry
41:57 Ring Archer Armor
42:02 Iron Casting
41:27 Scale Mail Armor
41:33 Scale Barding Armor
Connection lost

Rejoining the realm…

Still unreachable

The connection could not be restored.

Session expired

The server has moved on; the page needs a fresh start.